 Dungeon Crawl Stone Soup version 0.30-a0-1157-g2cc9ac7196 (webtiles) character file.

Game seed: 3300087618875741282

122 cheesebisquit the Gusty (level 4, -7/24 HPs)
             Began as a Deep Elf Air Elementalist on Apr 24, 2023.
             Mangled by a sleepcap (21 damage)
             ... on level 6 of the Dungeon.
             The game lasted 00:05:14 (2336 turns).

cheesebisquit the Gusty (Deep Elf Air Elementalist) Turns: 2336, Time: 00:05:15

Health: -7/24      AC:  2    Str:  5    XL:     4   Next: 78%
Magic:  15/19      EV:  2    Int: 22    God:
Gold:   131        SH:  0    Dex: 15    Spells: 3/9 levels left

rFire   . . .        e - +2 short sword (venom)
rCold   . . .        (no shield)
rNeg    . . .        a - +0 robe
rPois   .            (no helmet)
rElec   .            (no cloak)
rCorr   .            (no gloves)
SInv    .            (no boots)
Will    .....        (no amulet)
Stlth   ++           i - ring of magical power
HPRegen 0.24/turn    l - +4 ring of slaying
MPRegen 0.16/turn

%: no passive effects
@: sleeping
A: no striking features
a: no special abilities


You were on level 6 of the Dungeon.
You visited 1 branch of the dungeon, and saw 4 of its levels.

You collected 131 gold pieces.

Inventory:

Hand Weapons
 e - a +2 short sword of venom (weapon)
Armour
 a - a +0 robe (worn)
 h - the +0 leather armour of Cyddein {rF+}
   (You found it on level 2 of the Dungeon)

   rF:        It protects you from fire.
Jewellery
 i - a ring of magical power (left hand)
 l - a +4 ring of slaying (right hand)
Wands
 n - a wand of mindburst (7)
Scrolls
 c - 5 scrolls of identify {unknown}
 m - a scroll of amnesia {unknown}
Potions
 b - a potion of magic
 d - a potion of might {unknown}
 f - a potion of flight {unknown}
 g - a potion of curing {unknown}
 j - 2 potions of attraction {unknown}
 k - a potion of mutation {unknown}


   Skills:
 - Level 2.4 Dodging
 - Level 2.4 Stealth
 - Level 3.0 Spellcasting
 - Level 1.1 Conjurations
 + Level 5.6 Air Magic


You had 3 spell levels left.
You knew the following spells:

 Your Spells              Type           Power      Damage    Failure   Level
a - Shock                 Conj/Air       72%        1d7       3%          1
b - Static Discharge      Conj/Air       36%        2-4/arc   4%          2
c - Swiftness             Air            27%        N/A       3%          3

Your spell library contained the following spells:

 Spells                   Type           Power      Damage    Failure   Level
 Airstrike                Air            13%        2d(2-18)  12%         4


Dungeon Overview and Level Annotations

Branches:
Dungeon (3/15)

Altars:

Shops:
D:1 =   D:2 [

Portals:
Sewer: D:3


Message History

You kill the kobold!
There is an open door here.
An orc comes into view. It is wielding a +0 hand axe.
The zap hits the orc.
The orc is moderately wounded.
The orc shouts!
The zap hits the orc.
You kill the orc!
There is an open door here.
Found a glowing drain.
The adder hisses angrily. x2
The adder hisses angrily.
The adder hisses angrily.
You hear an angry hiss.
You now have 131 gold pieces (gained 14).
You see here a +0 hand axe.
The giant cockroach waves its antennae.
A sourceless malevolence fills the Dungeon...
You fall into a shaft and drop 3 floors!
The shaft crumbles and collapses.
Found a lead wand.
n - a wand of mindburst (7)
You open the door.
A sleepcap comes into view.
The zap hits the sleepcap.
The sleepcap is moderately damaged.
The zap hits the sleepcap.
The sleepcap is moderately damaged.
The zap hits the sleepcap.
The sleepcap is moderately damaged.
The zap hits the sleepcap.
The sleepcap is heavily damaged.
The sleepcap releases spores at you!
The zap hits the sleepcap.
The sleepcap is heavily damaged.
The sleepcap releases spores at you.
You are engulfed in a cloud of soporific spores!
You fall asleep.
The sleepcap releases spores at you!!
Ouch! That really hurt!
You die...

##### .... ...
.. #.
########f######
.......#.@....#
.......#......#
.......#......#
..............#
###############


You could see a sleepcap.

Vanquished Creatures
  3 gnolls (D:3)
  2 adders
  2 dart slugs (D:1)
  4 orcs
  7 bats
  5 endoplasms
  A giant cockroach (D:1)
  2 goblins
  13 hobgoblins
  2 jackals (D:2)
  5 kobolds
  4 quokkas
  4 ball pythons
  6 frilled lizards
  2 rats (D:2)
62 creatures vanquished.

Vanquished Creatures (others)
  4 fungi (D:3)
  4 plants (D:3)
8 creatures vanquished.

Grand Total: 70 creatures vanquished

Notes
Turn   | Place    | Note
-------+----------+-------------------------------------------
     0 | D:1      | cheesebisquit the Deep Elf Air Elementalist began the quest
                  | for the Orb.
     0 | D:1      | Reached XP level 1. HP: 10/10 MP: 6/6
   168 | D:1      | Reached XP level 2. HP: 15/15 MP: 6/8
   189 | D:1      | Found Axo Ym Ocus's Jewellery Emporium.
   340 | D:1      | Reached skill level 4 in Air Magic
   491 | D:1      | Reached XP level 3. HP: 19/19 MP: 7/9
  1193 | D:2      | Learned a level 2 spell: Static Discharge
  1197 | D:2      | Learned a level 3 spell: Swiftness
  1211 | D:2      | Found Ameetan's Antique Armour Shoppe.
  1223 | D:2      | Identified the +0 leather armour of Cyddein {rF+}
  1865 | D:2      | Reached XP level 4. HP: 24/24 MP: 10/10
  1925 | D:3      | Reached skill level 5 in Air Magic
  2316 | D:3      | Found a glowing drain.
  2324 | D:3      | You fall into a shaft and drop 3 floors!
  2336 | D:6      | Mangled by a sleepcap

Illustrated notes

Levels and vault maps discovered:
D:1:      dpeg_arrival_simpleton_b, layout_basic, serial_shops,
          nicolae_shop_stone
D:2:      layout_basic, serial_shops, shop
D:3:      layout_basic, bloody_trog, shapermc_ecumenical_altar_mp_urbaneastern,
          gup_sewer_entry_glass
D:6:      layout_gridville, hangedman_minor_gate_pass

Skill      XL: |  1  2  3  4 |
---------------+-------------+-----
Air Magic      | 4 5 |  5.6
Dodging        | |  2.4
Stealth        | |  2.4
Spellcasting   | |  3.0
Conjurations   | |  1.1

Action                     |  1- 3 |  4- 6 || total
---------------------------+-------+-------++-------
   Cast: Shock             |    96 |    33 ||   129
 Armour: Robe              |     1 |       ||     1
  Dodge: Dodged            |     7 |     1 ||     8

Table legend: (Time is in decaauts)
 A = Elapsed time spent in this place.
 B = Non-inter-level travel time spent in this place.
 C = Inter-level travel time spent in this place.
 D = Time resting spent in this place.
 E = Time spent auto-exploring this place.
 F = Levels seen in this place.
 G = Mean time per level.
                   A        B        C        D        E       F      G
               +--------+--------+--------+--------+--------+-----+--------+
         Total |   2333 |   2259 |     74 |      0 |   2012 |   4 |  583.2 |
       Dungeon |   2333 |   2259 |     74 |      0 |   2012 |   4 |  583.2 |
               +--------+--------+--------+--------+--------+-----+--------+

Top non-repeatable levels by time:
     D:1: 1188 daAuts
     D:2: 726 daAuts
     D:3: 406 daAuts
     D:6: 11 daAuts
